 Dungeon Crawl Stone Soup version 0.23.2-1-ga50397a (webtiles) character file.

Game seed: 1815994472717577644

74 aelisj the Conjurer (level 3, -1/26 HPs)
             Began as a Demigod Conjurer on Apr 14, 2019.
             Slain by Grinder (8 damage)
             ... on level 3 of the Dungeon.
             The game lasted 00:17:03 (2023 turns).

aelisj the Conjurer (Demigod Conjurer)              Turns: 2023, Time: 00:17:03

Health: -1/26      AC:  3    Str: 11    XL:     3   Next: 86%
Magic:  0/10       EV: 12    Int: 21    God:
Gold:   90         SH:  3    Dex: 16    Spells: 4/7 levels left

rFire    . . .     SeeInvis .   m - +2 short sword (venom)
rCold    . . .     Gourm    .   (no shield)
rNeg     . . .     Faith    .   a - +0 robe
rPois    .         Spirit   .   (no helmet)
rElec    .         Reflect  +   (no cloak)
rCorr    .         Harm     .   (no gloves)
MR       .....                  j - +0 pair of boots
Stlth    ++........             d - +3 amulet of reflection
HPRegen  0.08/turn              (no ring)
MPRegen  0.12/turn              (no ring)

@: no status effects
A: high mp 1
a: no special abilities


You were on level 3 of the Dungeon.
You were hungry.

You visited 1 branch of the dungeon, and saw 3 of its levels.

You collected 90 gold pieces.

Inventory:

Hand Weapons
 k - a +0 whip
 m - a +2 short sword of venom (weapon)
Missiles
 e - 11 poisoned needles
Armour
 a - a +0 robe (worn)
 b - a +0 chain mail of positive energy
 i - a +0 chain mail
 j - a +0 pair of boots (worn)
Jewellery
 d - a +3 amulet of reflection (around neck)
Scrolls
 f - a scroll of remove curse {unknown}
 g - 3 scrolls of identify {unknown}
 l - a scroll of amnesia {unknown}
 o - a scroll of enchant weapon {unknown}
 q - a scroll of noise {unknown}
 s - a scroll of random uselessness {unknown}
Potions
 h - 2 potions of agility {unknown}
 n - 2 potions of mutation {unknown}
 p - a potion of brilliance {unknown}
 r - a potion of curing {unknown}
Comestibles
 c - 3 rations


   Skills:
 - Level 1.7 Dodging
 - Level 1.7 Stealth
 + Level 2.9 Spellcasting
 + Level 4.4 Conjurations


You had 4 spell levels left.
You knew the following spells:

 Your Spells              Type           Power        Failure   Level  Hunger
a - Magic Dart            Conj           ###.         2%          1    None
b - Searing Ray           Conj           ###...       3%          2    ##.....

Your spell library contained the following spells:

 Spells                   Type           Power        Failure   Level  Hunger
 Dazzling Spray           Conj/Hex       ##....       16%         3    ###....
 Iskenderun's Mystic Bla  Conj           ###.....     22%         4    ####...
 Force Lance              Conj/Tloc      ##......     47%         4    ####...
 Fulminant Prism          Conj/Hex       ##........   47%         4    ####...


Dungeon Overview and Level Annotations

Branches:
Dungeon (3/15)

Annotations:
D:2 Sigmund
D:3 Grinder


Innate Abilities, Weirdness & Mutations

You have an increased reservoir of magic. (+10% MP)


Message History

You closely miss Grinder.
Grinder is heavily wounded.
Grinder closely misses you.
You hit Grinder.
Grinder is heavily wounded.
Grinder hits you.
You writhe in agony.
* * * LOW HITPOINT WARNING * * *
Casting: Searing Ray (safe; 3% risk of failure)
Confirm with . or Enter, or press ? or * to list all spells.
You don't have enough magic to cast that spell.
Unknown command.
Casting: Searing Ray (safe; 3% risk of failure)
Confirm with . or Enter, or press ? or * to list all spells.
Aiming: Magic Dart (safe; 2% risk of failure)
Press: ? - help, Shift-Dir - straight line, f/p - Grinder
Aim: Grinder (heavily wounded)
The magic dart hits Grinder.
Grinder is severely wounded.
Grinder hits you!
You die...

###....
#.....#
#.?...#
#.....#
#.....#
#.....#
#.#.# #.5.#
#..@#
#......#
#.........
#......#.#.#
#......#.#
#......# #
########


You could see Grinder.

Vanquished Creatures
  Terence (D:2)
  An adder (D:2)
  4 dart slugs (D:1)
  2 giant cockroaches
  2 goblins (D:1)
  4 hobgoblins
  4 jackals (D:2)
  A quokka (D:3)
  5 bats
  A frilled lizard (D:2)
  6 kobolds
  2 rats (D:2)
33 creatures vanquished.

Notes
Turn   | Place    | Note
-------+----------+-------------------------------------------
     0 | D:1      | aelisj the Demigod Conjurer began the quest for the Orb.
     0 | D:1      | Reached XP level 1. HP: 14/14 MP: 5/5
   288 | D:1      | Reached XP level 2. HP: 20/20 MP: 1/7
   368 | D:1      | Learned a level 2 spell: Searing Ray
   832 | D:1      | Reached skill level 4 in Conjurations
  1257 | D:2      | Reached XP level 3. HP: 26/26 MP: 7/9
  1397 | D:2      | Noticed Sigmund
  1429 | D:2      | Noticed Terence
  1446 | D:2      | Killed Terence
  1996 | D:3      | Noticed Grinder
  2023 | D:3      | Slain by Grinder

Skill      XL: |  1  2 |
---------------+-------+-----
Spellcasting   | 2 |  2.9
Conjurations   | 4 |  4.4
Dodging        | |  1.7
Stealth        | |  1.7

Action                   || total
-------------------------++-------
Melee: Short sword       ||    19
       Whip              ||     1
 Cast: Magic Dart        ||    76
       Searing Ray       ||     2
 Stab: Sleeping          ||     1
  Eat: Chunk             ||     3
Armor: Robe              ||     9
Dodge: Dodged            ||    23
Block: Other             ||     4
